 Dungeon Crawl Stone Soup version 0.17.0-9-g801d43b (webtiles) character file.

43 Drakale the Stinger (level 3, -4/21 HPs)
             Began as an Octopode Venom Mage on Nov 9, 2015.
             Slain by a gnoll
             ... wielding a +0 spear
              (7 damage)
             ... on level 2 of the Dungeon.
             The game lasted 00:05:09 (1838 turns).

Drakale the Stinger (Octopode Venom Mage)           Turns: 1838, Time: 00:05:09

Health: -4/21      AC:  1    Str:  7    XL:     3   Next: 58%
Magic:  13/15      EV: 12    Int: 18    God:
Gold:   81         SH:  0    Dex: 12    Spells: 2 memorised, 2 levels left

rFire  . . .     SeeInvis .     h - +2 short sword (drain)
rCold  + . .     Clarity  .     (no shield)
rNeg   . . .     SustAt   .     (helmet restricted)
rPois  .         Gourm    +     d - amulet of the gourmand
rElec  .         Spirit   .     f - ring of magical power
rCorr  .         Warding  .     o - ring of protection from cold
rMut   .         Stasis   .     (no ring)
MR     .....                    (no ring)
Stlth  +++.......               (no ring)
                                (no ring)
                                (no ring)
                                (no ring)

@: hasted, very quick, not resistant to hostile enchantments, fairly stealthy
A: almost no armour, amphibious, 8 rings, constrict 8, camouflage 1, gelatinous
body 1
a: no special abilities


You were on level 2 of the Dungeon.
You were full.

You visited 1 branch of the dungeon, and saw 2 of its levels.

You collected 81 gold pieces.

Inventory:

Hand Weapons
 h - a +2 short sword of draining (weapon)
 r - a +0 dagger of venom
Jewellery
 d - an amulet of the gourmand (around mantle)
 f - a ring of magical power (left tentacle)
 o - a ring of protection from cold (right tentacle)
Wands
 l - a wand of slowing (37)
Scrolls
 c - 2 scrolls of teleportation {unknown}
 e - a scroll of enchant armour {unknown}
 q - a scroll of magic mapping {unknown}
 s - a scroll of identify {unknown}
Potions
 g - a potion of agility {unknown}
 k - a potion of haste
 m - a potion of degeneration {unknown}
 n - 2 potions of cancellation {unknown}
Books
 a - a Young Poisoner's Handbook

   Spells                             Type                      Level
   a - Sting                          Conjuration/Poison           1
   b - Cure Poison                    Poison                       2
   c - Mephitic Cloud                 Conjuration/Poison/Air       3
   d - Olgreb's Toxic Radiance        Poison                       4
   e - Venom Bolt                     Conjuration/Poison           5
Comestibles
 b - a bread ration
 i - a beef jerky
 j - a slice of pizza
 p - a royal jelly


   Skills:
 + Level 2.0 Dodging
 - Level 2.8 Stealth
 + Level 2.2 Spellcasting
 * Level 1.4 Conjurations
 + Level 5.6 Poison Magic


You had 2 spell levels left.
You knew the following spells:

 Your Spells              Type           Power        Failure   Level  Hunger
a - Sting                 Conj/Pois      ##..         4%          1    #......
b - Mephitic Cloud        Conj/Pois/Air  ##......     24%         3    ###....


Dungeon Overview and Level Annotations

Branches:
Dungeon (2/15)

Altars:


Innate Abilities, Weirdness & Mutations

You cannot wear most types of armour.
You are amphibious.
You can wear up to eight rings at the same time.
You can use your tentacles to constrict eight enemies at once.
Your skin changes colour to match your surroundings (Stealth).
Your rubbery body absorbs attacks (AC +1).


Message History

Casting: Sting
Confirm with . or Enter, or press ? or * to list all spells.
Aiming: Sting
Press: ? - help, Shift-Dir - straight line, f/p - gnoll
Aim: a gnoll, wielding a halberd (heavily wounded)
The sting hits the gnoll.
The gnoll is poisoned.
The gnoll is severely wounded.
The goblin hits you but does no damage. The gnoll closely misses you.
The gnoll looks more healthy.
You hit the goblin. Your grab misses the goblin. You squeeze the goblin.
You kill the goblin!
The gnoll hits you from afar with a halberd!
Ouch! That really hurt!
* * * LOW HITPOINT WARNING * * *
The gnoll hits you from afar with a spear.
* * * LOW HITPOINT WARNING * * *
Drink which item? (? for menu, Esc to quit)
It was a potion of haste.
You feel yourself speed up.
The gnoll hits you from afar with a spear!
You die...

.####............'.......##.#
.##......####....##########)#
...).S.)...######.....#.....#
....S.##.S.######.###.##.####
......++g..........##.##.#
......##...........##.##.#
......###.########.##.##.#
......# #..g.Sg..#.##.##.#
...#### ########@#.##.##.#
#### #.#....##.# #.#######.#
#.# #.# #.# #.# #.#######.#
#.........# ###########


You could see 2 gnolls and an adder.

Vanquished Creatures
  A gnoll (D:2)
  A worm (D:2)
  4 giant cockroaches (D:1)
  5 goblins
  A hobgoblin (D:1)
  5 jackals
  3 kobolds
  A quokka (D:2)
  A bat (D:2)
  A giant gecko (D:2)
  3 giant newts (D:1)
  4 rats
30 creatures vanquished.

Notes
Turn   | Place    | Note
--------------------------------------------------------------
     0 | D:1      | Drakale the Octopode Venom Mage began the quest for the Orb.
     0 | D:1      | Reached XP level 1. HP: 11/11 MP: 3/3
   103 | D:1      | Reached skill level 5 in Poison Magic
   465 | D:1      | Reached XP level 2. HP: 17/17 MP: 3/5
  1340 | D:1      | You fall through a shaft!
  1406 | D:2      | Reached skill level 1 in Conjurations
  1412 | D:2      | Reached XP level 3. HP: 19/21 MP: 6/6
  1417 | D:2      | Learned a level 3 spell: Mephitic Cloud
  1838 | D:2      | Slain by a gnoll

Action                   || total
-------------------------++-------
Melee: Unarmed           ||     7
       Short sword       ||     7
 Cast: Sting             ||    59
  Use: Potion            ||     1
  Eat: Chunk             ||    10
